Match 40954875
Unlisted

Match 40954875
End
Engineer Squad
Selects Heavy Weapons
Construct Weapon Support Center
M1919 Machine Gun Team
Construct Medical Station
Bazooka Squad
Selects Assault Carriers
Air Support Center
Sniper
Selects Halftrack Strongpoints
Double Sortie
P-47 Dive Bomb
Improved Aircraft Armor
M3 Assault Carrier
P-47 Strafing Run
P-47 Dive Bomb
M3 Assault Carrier
Bazooka Squad
P-47 Strafing Run
Stylish Bison
DP1564
Rayor
Para_Dilshan
维维豆奶
隔壁老王
0
0

Comments sign in to comment!

No comments posted yet!